AoeStats
← Tersicox

Arena

510655464Analyzed
3v3 RM · 1d ago on Oct 2, 2026· 42m 53s· 6 players
Game mode
Random Map
Map size
Normal (6 player)
Population
200
Speed
Normal
Resources
Standard
Victory
Conquest
Starting age
Dark Age
Ending age
Imperial Age
RankedLock teamsTeams togetherTeam positionsShared explorationLock speedFull tech treeHidden civsTurbo modeCheats
Victory
Defeat
🇲🇽 Teutons · Mexico
1041
+17
🇦🇷 Bulgarians · Argentina
998
+18
🇦🇷 Spanish · Argentina
964
+20
🇨🇱 Persians · Chile
1108
-20
🇨🇱 Italians · Chile
1090
-20
🇦🇷 Shu · Argentina
963
-15
ML16798
3:23 Loom
11:03 Feudal Age
12:01 Town Watch
16:39 Castle Age
17:16 Fletching
18:19 Town Patrol
18:33 Bodkin Arrow
24:05 Husbandry
28:55 Bloodlines
28:49 Double-Bit Axe
28:56 Gold Mining
31:30 Scale Mail Armor
33:21 Scale Barding Armor
33:26 Forging
38:38 Wheelbarrow
40:18 Chain Barding Armor
41:25 Hand Cart
41:47 Gold Shaft Mining
41:03 Stone Mining
43:12 Iron Casting
42:53 Chain Mail Armor
Tersicox
6:50 Loom
9:49 Feudal Age
10:16 Double-Bit Axe
11:44 Stone Mining
13:04 Fletching
22:56 Horse Collar
26:07 Castle Age
25:36 Gold Mining
26:49 Bodkin Arrow
28:01 Stone Shaft Mining
27:40 Bow Saw
27:42 Guard Tower
34:51 Imperial Age
37:12 Chemistry
38:00 Wheelbarrow
38:29 Two-Man Saw
37:55 Masonry
41:33 Ballistics
41:55 Pikeman
Nemesis6410
1:24 Loom
10:44 Feudal Age
11:17 Double-Bit Axe
11:17 Horse Collar
18:19 Castle Age
16:52 Gold Mining
17:51 Scale Barding Armor
20:52 Bow Saw
22:59 Wheelbarrow
23:19 Heavy Plow
29:11 Imperial Age
27:14 Chain Barding Armor
27:41 Hand Cart
29:24 Bloodlines
29:55 Forging
29:24 Cavalier
32:26 Plate Barding Armor
33:00 Husbandry
34:32 Iron Casting
34:16 Paladin
39:19 Blast Furnace
CL.Capitán Haddock
10:14 Feudal Age
12:24 Loom
16:06 Castle Age
15:16 Horse Collar
15:23 Double-Bit Axe
19:04 Fletching
27:51 Imperial Age
25:53 Ballistics
27:20 Bodkin Arrow
28:15 Murder Holes
29:47 Chemistry
29:59 Conscription
30:36 Padded Archer Armor
31:11 Fortified Wall
35:55 Bracer
39:02 Bow Saw
CL.KANKIROCK
5:44 Loom
10:54 Feudal Age
15:29 Fletching
22:38 Castle Age
25:58 Bodkin Arrow
35:23 Imperial Age
32:42 Horse Collar
34:55 Heavy Plow
35:14 Bloodlines
35:42 Forging
35:39 Scale Barding Armor
37:55 Conscription
37:43 Heavy Camel Rider
41:07 Padded Archer Armor
41:18 Cavalier
43:04 Chain Barding Armor
crepysa
6:47 Loom
9:38 Feudal Age
Connection lost

Rejoining the realm…

Still unreachable

The connection could not be restored.

Session expired

The server has moved on; the page needs a fresh start.